 Dungeon Crawl Stone Soup version 0.30-a0-1066-g63dfefce0d (webtiles) character file.

Game seed: 3360605648436170236

2071436 freelancePsychic the Warrior (level 25, 255/255 HPs)
             Began as a Demonspawn Monk on Apr 12, 2023.
             Was the Champion of Jiyva.
             Escaped with the Orb
             ... and 3 runes!
             The game lasted 01:51:14 (44987 turns).

freelancePsychic the Warrior (Demonspawn Monk)     Turns: 44987, Time: 01:51:14

Health: 255/255    AC: 15    Str: 12    XL:     25   Next: 35%
Magic:  28/28      EV: 38    Int: 26    God:    Jiyva [******]
Gold:   758        SH: 20    Dex: 21    Spells: 36/42 levels left

rFire   + + .      SeeInvis +    a - +9 demon whip (heavy)
rCold   x . .      Faith    .    e - +5 kite shield {reflect}
rNeg    + . .      Spirit   .    q - +0 steam dragon scales
rPois   .          Reflect  +    (helmet unavailable)
rElec   +          Rampage  .    (cloak unavailable)
rCorr   +                        p - +4 pair of gloves "Caifer" {rF+ rN+ Str-4 Stlth+}
Will    +....                    (boots unavailable)
Stlth   +                        I - amulet of regeneration
HPRegen 3.02/turn                E - ring of Jegoa {Drain rElec rF+ rC+ Int+6}
MPRegen 0.71/turn                Z - ring of the Hare {EV+10}

@: no status effects
A: hooves 3, horns 3, foul stench 3, powered by pain 2, robust 2, weakness
stinger 3, iridescent scales 2, see invisible, agile 1, clever 2, low MP 2,
screaming 1, electricity resistance, eyeballs 1, pseudopods 2, tendrils, jelly
sensing items, jelly absorbing missiles, cold vulnerability 2
0: Orb of Zot
}: 3/15 runes: decaying, slimy, gossamer
a: Renounce Religion, Oozemancy, Slimify


You escaped.
You worshipped Jiyva.
Jiyva was exalted by your worship.
You visited 11 branches of the dungeon, and saw 54 of its levels.
You visited the Abyss 1 time.
You visited 2 bazaars.
You also visited: Bailey and Wizlab.

You collected 4893 gold pieces.
You spent 4135 gold pieces at shops.

Inventory:

Hand Weapons
 a - a +9 heavy demon whip (weapon)
 b - the +7 flail of the Zealous God {speed, *Rage rPois rC+++ Str+8}
   (You found it on level 12 of the Dungeon)

   Str:       It affects your strength (+8).
   rC:        It renders you almost immune to cold.
   rPois:     It protects you from poison.
   *Rage:     It berserks you when you make melee attacks (+20% chance).
 N - a +0 demon whip of venom
Missiles
 B - 4 curare-tipped darts (quivered)
 Q - 3 throwing nets
Armour
 d - an orb of light
 e - a +5 kite shield of reflection (worn)
 f - the +5 pair of gloves of Darkness {rC+ Int+3 Slay-2}
   (You found it on level 3 of the Depths)

   Int:       It affects your intelligence (+3).
   Slay:      It affects your accuracy & damage with ranged weapons and melee
   (-2).
   rC:        It protects you from cold.
 p - the +4 pair of gloves "Caifer" (worn) {rF+ rN+ Str-4 Stlth+}
   (You found it on level 3 of the Elven Halls)

   Str:       It affects your strength (-4).
   rF:        It protects you from fire.
   rN:        It protects you from negative energy.
   Stlth:     It makes you more stealthy.
 q - +0 steam dragon scales (worn)
Jewellery
 y - a +6 ring of intelligence
 E - the ring of Jegoa (left hand) {Drain rElec rF+ rC+ Int+6}
   (You bought it in a shop on level 3 of the Elven Halls)

   [ring of intelligence]

   Int:       It affects your intelligence (+6).
   rF:        It protects you from fire.
   rC:        It protects you from cold.
   rElec:     It insulates you from electricity.
   Drain:     It drains your maximum health when unequipped.
 F - a ring of protection from fire
 I - an amulet of regeneration (around neck)
 Y - an amulet of reflection
 Z - the ring of the Hare (right hand) {EV+10}
   (You took it off a frost giant on level 3 of the Depths)

   [ring of evasion]

   EV:        It affects your evasion (+10).
Wands
 i - a wand of flame (22)
 t - a wand of paralysis (55)
 w - a wand of quicksilver (18)
 x - a wand of roots (38)
 G - a wand of digging (2)
 T - a wand of mindburst (18)
Scrolls
 n - 5 scrolls of torment
 r - 6 scrolls of fear
 s - 12 scrolls of vulnerability
 v - 4 scrolls of enchant armour
 A - 4 scrolls of teleportation {@r4}
 J - a scroll of brand weapon
 L - 2 scrolls of poison
 M - 4 scrolls of magic mapping
 P - 3 scrolls of amnesia
 R - 3 scrolls of summoning
 V - 3 scrolls of blinking
 W - 2 scrolls of fog
 X - 3 scrolls of immolation
Potions
 c - 3 potions of lignification
 g - 4 potions of ambrosia
 h - 16 potions of curing {@q1}
 j - 6 potions of berserk rage
 k - 4 potions of invisibility
 l - 6 potions of mutation
 m - a potion of attraction
 o - 4 potions of magic
 z - 4 potions of cancellation
 D - a potion of brilliance
 H - 6 potions of flight
 K - 2 potions of might
 S - 2 potions of resistance
 U - 2 potions of haste {@q3}
Miscellaneous
 u - a box of beasts
 C - a condenser vane
 O - a tin of tremorstones (2/2)


   Skills:
 + Level 20.9 Fighting
 - Level 12.0 Maces & Flails
 - Level 4.5 Polearms
 - Level 13.0 Armour
 + Level 20.8 Dodging
 - Level 1.7 Stealth
 - Level 16.0 Shields
 - Level 9.0 Spellcasting
 - Level 16.0 Transmutations
 - Level 16.0 Earth Magic
 - Level 12.0 Evocations


You had 36 spell levels left.
You knew the following spells:

 Your Spells              Type           Power      Damage    Failure   Level
a - Statue Form           Tmut/Erth      50%        N/A       1%          6

Your spell library contained the following spells:

 Spells                   Type           Power      Damage    Failure   Level
 Spider Form              Tmut/Pois      52%        N/A       1%          3
 Petrify                  Tmut/Erth      76%        N/A       1%          4
 Blade Hands              Tmut           38%        N/A       1%          5
 Animate Armour           Summ/Erth      100%       N/A       3%          4
 Ice Form                 Ice/Tmut       52%        N/A       3%          4
 Leda's Liquefaction      Hex/Erth       26%        N/A       3%          4
 Magic Dart               Conj           44%        1d5       9%          1
 Shock                    Conj/Air       44%        1d5       9%          1
 Slow                     Hex            44%        N/A       9%          1
 Summon Small Mammal      Summ           44%        N/A       9%          1
 Yara's Violent Unravell  Hex/Tmut       26%        3d11      9%          5
 Dragon Form              Tmut           38%        N/A       10%         7
 Blink                    Tloc           22%        N/A       13%         2
 Cigotuvi's Dreadful Rot  Necr/Pois/Air  22%        N/A       13%         2
 Ensorcelled Hibernation  Hex/Ice        22%        N/A       13%         2
 Poisonous Vapours        Pois/Air       22%        N/A       13%         2
 Confusing Touch          Hex            11%        N/A       26%         3
 Dazzling Flash           Conj/Hex       22%        N/A       26%         3
 Hailstorm                Conj/Ice       11%        3d5       26%         3
 Inner Flame              Hex/Fire       11%        N/A       26%         3
 Mephitic Cloud           Conj/Pois/Air  11%        N/A       26%         3
 Ozocubu's Armour         Ice            11%        N/A       26%         3
 Swiftness                Air            11%        N/A       26%         3
 Teleport Other           Tloc           11%        N/A       26%         3
 Tukima's Dance           Hex            11%        N/A       26%         3
 Vampiric Draining        Necr           11%        2d6       26%         3
 Volatile Blastmotes      Fire/Tloc      22%        2d11      26%         3
 Iron Shot                Conj/Erth      26%        9d6       43%         6
 Airstrike                Air            5%         2d(1-17)  63%         4
 Anguish                  Hex/Necr       5%         N/A       63%         4
 Cause Fear               Hex            5%         N/A       63%         4
 Flame Wave               Conj/Fire      11%        2d6       63%         4
 Iskenderun's Mystic Bla  Conj/Tloc      11%        2d4       63%         4
 Passage of Golubria      Tloc           11%        N/A       63%         4
 Sticky Flame             Conj/Fire      11%        2d3       63%         4
 Arcjolt                  Conj/Air       5%         1d15      93%         5
 Fireball                 Conj/Fire      5%         3d5       93%         5
 Freezing Cloud           Conj/Ice/Air   5%         6-21      93%         5
 Iskenderun's Battlesphe  Conj           11%        2d7       93%         5
 Metabolic Englaciation   Hex/Ice        5%         N/A       93%         5
 Summon Forest            Summ/Tloc      5%         N/A       93%         5
 Summon Mana Viper        Hex/Summ       11%        N/A       93%         5
 Conjure Ball Lightning   Conj/Air       5%         3x3d6     100%        6
 Starburst                Conj/Fire      5%         6d4       100%        6
 Enfeeble                 Hex            5%         N/A       100%        7
 Haunt                    Necr/Summ      5%         N/A       100%        7
 Malign Gateway           Summ/Tloc      5%         N/A       100%        7
 Orb of Destruction       Conj           5%         9d5       100%        7
 Ozocubu's Refrigeration  Ice            5%         4d8       100%        7
 Discord                  Hex            5%         N/A       100%        8
 Disjunction              Tloc           5%         N/A       100%        8
 Summon Horrible Things   Summ           5%         N/A       100%        8
 Chain Lightning          Conj/Air       5%         3d7       100%        9
 Dragon's Call            Summ           5%         N/A       100%        9
 Fire Storm               Conj/Fire      5%         8d2       100%        9
 Shatter                  Erth           38%        3d30*     100%        9


Dungeon Overview and Level Annotations

Branches:
Dungeon (15/15)            Temple (0/1) D:7            Lair (5/5) D:10
  Swamp (4/4) Lair:3       Spider (4/4) Lair:3        Slime (5/5) Lair:4
    Orc (2/2) D:10            Elf (3/3) Orc:2        Vaults (4/5) D:14
  Crypt (3/3) Vaults:2       Tomb (0/3) Crypt:3      Depths (4/4) D:15
    Zot (5/5) Depths:4     Bailey (visited)          WizLab (visited)

Altars:
Cheibriados
Gozag
Kikubaaqudgha
Uskayaw
Yredelemnul
Jiyva

Shops:
D:6 *   Orc:2 (**[   Elf:1 *[   Elf:2 :   Elf:3 *[?   Vaults:1 !   Vaults:2 (
Vaults:4 (   Depths:1 ?   Depths:4 =[*[:

Portals:
Hell: Depths:1 Depths:2 Depths:3 Depths:4
Abyss: Depths:2 Depths:3 Depths:4
Pandemonium: Depths:2
Ziggurat: Depths:2
Trove: D:14 (give +7 demon whip)

Annotations:
D:1 Crazy Yiuf
D:11 exclusion: downstairs
Lair:5 exclusion: 2 oklob plants
Swamp:2 exclusion: downstairs
Slime:5 Royal Jelly
Elf:2 5 runed translucent doors
Vaults:4 Mennas
Crypt:1 3 runed translucent doors
Zot:3 6 transporters


Innate Abilities, Weirdness & Mutations

You have hooves in place of feet.
You have a pair of large horns on your head.
You frequently emit foul miasma when damaged in melee.
You sometimes gain power by taking damage.
You are very robust. (+20% HP)
You have a sharp stinger which inflicts weakening toxins.
You are mostly covered in iridescent scales. (AC +4)
You have supernaturally acute eyesight. (SInv)
You are agile. (Dex +4, Str/Int -1)
Your mind is very acute. (Int +8, Str/Dex -2)
Your magical capacity is very low. (-20% MP)
You occasionally shout uncontrollably at your foes.
You are resistant to electric shocks. (rElec)
Your body has grown eyes which may confuse attackers. (Acc +3)
Armour fits poorly on your large pseudopods.
You are covered in slimy tendrils that may disarm your opponents.
You have a small jelly attached to you that senses nearby items.
You have a small jelly attached to you that may absorb projectiles.
You are very vulnerable to cold. (rC--)


Message History

Crazy Yiuf attacks as you move away! Crazy Yiuf completely misses you.
Crazy Yiuf attacks as you move away! Crazy Yiuf completely misses you.
A reaper comes into view. It is wielding a +3 antimagic scythe.
Crazy Yiuf says, "You found it!"
Crazy Yiuf attacks as you move away! Crazy Yiuf barely misses you.
The reaper barely misses you. Crazy Yiuf attacks as you move away!
Crazy Yiuf hits you with a +4 quarterstaff of chaos.
You feel your power leaking away.
You emit a cloud of foul miasma!
Crazy Yiuf is engulfed in dark miasma.
Crazy Yiuf is poisoned.
The reaper misses you.
There is a stone staircase leading up here.
Crazy Yiuf says, "You found it!"
You block Crazy Yiuf's attack.
Your tendrils lash around Crazy Yiuf's +4 quarterstaff of chaos and pull it to the ground!
The reaper completely misses you.
You climb upwards.
There is a stone staircase leading down here.
Crazy Yiuf attacks as you move away! You block Crazy Yiuf's attack.
Crazy Yiuf attacks as you move away! Crazy Yiuf completely misses you.
Crazy Yiuf attacks as you move away! You block Crazy Yiuf's attack.
Crazy Yiuf looks more healthy.
Crazy Yiuf says, "Get me out of this place."
Crazy Yiuf attacks as you move away! You block Crazy Yiuf's attack.
Crazy Yiuf attacks as you move away! You block Crazy Yiuf's attack.
Crazy Yiuf attacks as you move away! You block Crazy Yiuf's attack.
There is an open door here.
Crazy Yiuf says, "Get me out of this place."
Crazy Yiuf attacks as you move away! You block Crazy Yiuf's attack.
Unknown command.
Unknown command.
Crazy Yiuf attacks as you move away! You block Crazy Yiuf's attack.
Crazy Yiuf says, "You came back for me."
Crazy Yiuf attacks as you move away! Crazy Yiuf completely misses you.
Crazy Yiuf says, "Wait for me!"
You hear a distant slurping noise.
Crazy Yiuf attacks as you move away! You block Crazy Yiuf's attack.
There is a staircase leading out of the dungeon here.
You block Crazy Yiuf's attack.
You have escaped!

##### ######.@g######
###.............### ###
#####.................###
#.##
#...'.................'.#
#... ##
#.###.................#.#
#.## .###.#
###.............###.# #.#
.##..# ###.........###
#.###'## ....##
###.....### #.......
..###### ###.........###
###.....


You could see Crazy Yiuf.

Vanquished Creatures
  A pandemonium lord (Zot:3)
  4 orbs of fire (Zot:5)
  Mara (Vaults:3)
  4 ancient liches
  Josephina (Zot:1)
  Vv (Zot:4)
  Bai Suzhen (Spider:3)
  Xtahua (Vaults:2)
  5 Killer Klowns (Zot:5)
  Nikola (Spider:2)
  10 caustic shrikes
  3 bone dragons
  7 golden dragons
  7 electric golems
  Jorgrun (D:15)
  26 Orb Guardians
  8 tentacled monstrosities
  8 liches
  A deep elf master archer (Elf:3)
  2 walking earthen tomes
  6 quicksilver dragons
  3 deep elf blademasters (Elf:3)
  A walking divine tome (Depths:3)
  A walking frostbound tome (Depths:2)
  10 ancient champions
  5 sphinxes
  11 death cobs
  5 tengu reavers
  2 thorn hunters
  7 storm dragons
  4 revenants
  2 draconian monks
  A fenstrider witch (Swamp:1)
  9 shadow dragons
  10 draconian knights
  4 iron dragons (Depths:3)
  4 fire giants
  6 frost giants
  5 deep elf sorcerers (Elf:3)
  6 emperor scorpions
  A caustic shrike zombie (Crypt:2)
  7 vault wardens
  9 draconian scorchers
  9 draconian shifters
  Louise (Depths:2)
  2 deep elf elementalists (Elf:3)
  9 ghost moths
  A balrug (Depths:4)
  5 draconian stormcallers
  A cacodemon (D:2)
  A curse skull (Crypt:3)
  10 ghouls
  2 spriggan defenders
  11 stone giants
  3 draconian annihilators (Zot:1)
  6 war gargoyles
  16 ironbound preservers
  A broodmother (Spider:3)
  2 reapers (Crypt:3)
  A juggernaut skeleton (Crypt:3)
  6 eleionomae
  30 very ugly things
  15 green draconians
  10 ironbound thunderhulks
  7 vampire knights
  4 deep elf demonologists (Elf:3)
  5 deep elf annihilators (Elf:3)
  8 black draconians
  6 spark wasps
  3 bunyips
  13 red draconians
  15 dire elephants
  8 yellow draconians
  10 white draconians
  9 purple draconians
  4 eidola
  5 deep elf death magi
  6 ettins
  18 jiangshi
  4 crystal guardians
  10 yaktaur captains
  3 entropy weavers
  A blizzard demon (Zot:5)
  11 fire dragons
  A mummy priest (Crypt:3)
  A deep elf high priest (Elf:3)
  2 rakshasas
  A hell beast (D:3)
  A salamander tyrant (WizLab)
  13 hydras
  9 ice dragons
  8 vault guards
  12 peacekeepers
  3 spriggan air magi
  4 radroaches
  6 ironbound frosthearts
  A jorogumo (Spider:3)
  2 ogre magi
  18 centaur warriors
  2 catoblepae
  3 ghost crabs
  8 two-headed ogres
  3 death knights
  6 boulder beetles
  9 dancing weapons
  14 alligators
  2 deep troll shamans
  A naga warrior (Abyss:4)
  2 thrashing horrors (Abyss:4)
  10 tengu warriors
  2 deep troll earth magi (Depths:3)
  Urug (Lair:5)
  10 vampire magi
  4 death yaks (Lair:5)
  4 orc high priests (Orc:2)
  6 spriggan berserkers
  7 spriggans
  A titan zombie (Crypt:2)
  5 hell knights
  Sonja (D:11)
  4 shadow wraiths
  A fire crab (Swamp:4)
  7 deep elf knights
  A sixfirhy (D:2)
  25 skeletal warriors
  7 goliath frogs
  A skyshark (Lair:5)
  2 storm dragon skeletons (Depths:2)
  A wretched star (Abyss:4)
  A bunyip zombie (Crypt:1)
  3 iron trolls (Depths:3)
  8 pharaoh ants
  2 shadow demons
  10 swamp dragons
  4 orb spiders
  An obsidian statue (Zot:5)
  10 wizards
  41 deep trolls
  7 flayed ghosts
  A quicksilver dragon simulacrum (Depths:2)
  15 bog bodies
  8 lindwurms
  4 deep elf archers (Elf:1)
  A phantasmal warrior (Crypt:3)
  A shadow dragon zombie (Crypt:1)
  4 harpies (Vaults:1)
  13 ironbound convokers
  12 steelbarb worms
  17 deep elf pyromancers
  16 wolf spiders
  45 ugly things
  22 deep elf zephyrmancers
  A broodmother zombie (Crypt:3)
  6 spectral spriggans (Swamp:2)
  4 necromancers
  4 orc sorcerers (Orc:2)
  8 orc knights
  4 will-o-the-wisps
  5 manticores
  9 salamanders
  21 moths of wrath
  2 stone giant zombies
  A worldbinder (Abyss:4)
  An iron dragon skeleton (Crypt:1)
  15 elephants
  4 cyclopes
  A guardian serpent (Abyss:4)
  A fire giant skeleton (Depths:2)
  4 black mambas
  9 gargoyles
  Maurice (D:8)
  An ice statue (D:15)
  7 demonic crawlers
  A torpor snail (shapeshifter) (Depths:2)
  11 vault sentinels
  A storm dragon simulacrum (Crypt:1)
  2 smoke demons (Depths:4)
  7 cane toads
  An orange demon (Zot:1)
  A dire elephant skeleton (Crypt:3)
  4 rime drakes
  9 komodo dragons
  5 torpor snails
  3 freezing wraiths
  6 kobold demonologists
  Maggie (D:10)
  An unseen horror (D:10)
  8 guardian mummies (Crypt:3)
  A grey draconian skeleton (Crypt:3)
  12 yaktaurs
  An ice devil (Zot:3)
  A tormentor (D:2)
  An anaconda simulacrum (Crypt:1)
  A golden dragon simulacrum (Zot:1)
  4 trolls
  A harpy zombie (Crypt:1)
  A hydra zombie (Crypt:1)
  A moth of wrath zombie (Crypt:1)
  A bloated husk (Swamp:2)
  A hellwing (Zot:3)
  5 polar bears
  A shadow dragon simulacrum (Zot:1)
  A harpy skeleton (Crypt:3)
  14 blink frogs
  32 tarantellas
  5 tyrant leeches
  16 hornets
  4 raiju (Abyss:4)
  A dream sheep (shapeshifter) (Elf:1)
  A frost giant simulacrum (Depths:2)
  A stone giant simulacrum (Crypt:1)
  A fire dragon zombie (Crypt:1)
  An ice dragon zombie (Crypt:1)
  28 jumping spiders
  18 culicivoras
  A draconian simulacrum (Zot:1)
  4 large abominations
  An ice dragon skeleton (Crypt:1)
  2 black mamba zombies (Crypt:1)
  A centaur simulacrum (D:15)
  6 air elementals
  An ettin skeleton (Crypt:1)
  A ynoxinul (Abyss:4)
  A shadow (D:13)
  3 wraiths
  A spriggan (shapeshifter) (Elf:1)
  A satyr skeleton (Crypt:3)
  39 yaks
  2 wyverns
  2 water elementals
  4 vampires (Crypt:3)
  A tyrant leech zombie (Crypt:2)
  3 fire elementals
  An alligator snapping turtle simulacrum (Crypt:3)
  13 vampire mosquitoes
  4 basilisks
  40 redbacks
  7 steam dragons
  A harpy simulacrum (D:15)
  A chaos spawn (D:13)
  3 wargs
  A naga zombie (Crypt:3)
  A fire bat zombie (Crypt:3)
  A water nymph zombie (Crypt:1)
  17 swamp worms
  2 acid dragons (D:12)
  8 water moccasins
  2 nagas (Abyss:4)
  A moth of wrath simulacrum (Zot:1)
  38 orc warriors
  2 black bears
  9 ice beasts
  7 swamp drakes
  8 ogres
  A boggart (D:14)
  A sky beast (D:7)
  7 centaurs
  21 wolves
  A swamp dragon skeleton (Crypt:2)
  4 kobold brigands
  A phantom (D:5)
  A salamander zombie (Crypt:1)
  14 bullfrogs
  3 scorpions
  A wyvern zombie (Crypt:1)
  7 earth elementals
  2 necrophages
  12 wights
  6 killer bees
  A troll skeleton (Crypt:2)
  5 howler monkeys
  A wolf zombie (Crypt:3)
  4 electric eels
  A jelly (Zot:1)
  A lava snake (Swamp:4)
  A black bear zombie (Crypt:1)
  A centaur zombie (Crypt:3)
  3 hounds
  20 orc priests
  15 iguanas
  A boggart zombie (Crypt:3)
  Jessica (D:3)
  A basilisk skeleton (Crypt:3)
  A sleepcap (D:6)
  20 orc wizards
  2 lightning spires (WizLab)
  A hound skeleton (Crypt:1)
  A mummy (Crypt:3)
  A howler monkey skeleton (Crypt:1)
  7 gnolls
  5 adders
  A shadow imp (D:8)
  A steam dragon skeleton (Crypt:1)
  9 white imps
  An ufetubus (D:4)
  An adder zombie (Crypt:2)
  A worm (D:3)
  A dart slug (D:4)
  88 orcs
  A bat skeleton (Crypt:2)
  An endoplasm (D:1)
  4 giant cockroaches
  4 goblins
  6 hobgoblins
  7 jackals
  A quokka (D:2)
  5 ball pythons
  7 bats
  17 frilled lizards
  A goblin zombie (Crypt:1)
  21 kobolds
  A quokka zombie (Crypt:1)
  2 rats (D:2)
1905 creatures vanquished.

Vanquished Creatures (collateral kills)
  Aizul (Crypt:1)
  A spriggan zombie (Crypt:1)
  A catoblepas (D:10)
  An orb spider (Spider:4)
  A necromancer (Crypt:1)
  Joseph (D:7)
  A centaur skeleton (Crypt:1)
  A cane toad (Lair:5)
  A tarantella (Spider:4)
  2 jumping spiders (Spider:4)
  4 dream sheep (Lair:5)
  A culicivora (Spider:4)
  3 spriggans (Depths:3)
  A vampire mosquito (D:10)
  Menkaure (D:5)
  An ogre (D:5)
  An adder (D:5)
23 creatures vanquished.

Vanquished Creatures (others)
  An azure jelly (Zot:4)
  An acid blob (Zot:1)
  A draconian scorcher (Zot:5)
  A draconian stormcaller (Zot:5)
  A deep elf elementalist (Elf:3)
  An ironbound preserver (D:14)
  A deep elf death mage (Elf:3)
  A jiangshi (Crypt:3)
  A yaktaur captain (Vaults:1)
  4 great orbs of eyes
  2 centaur warriors
  A dancing weapon (Elf:2)
  A deep troll (Vaults:3)
  A glowing orange brain (Depths:3)
  An ironbound convoker (Vaults:1)
  A deep elf archer (Elf:2)
  A wolf spider (Spider:2)
  2 deep elf zephyrmancers
  A deep elf pyromancer (Elf:2)
  A harpy (Vaults:1)
  A lindwurm (Vaults:2)
  A shining eye (shapeshifter) (Crypt:1)
  2 vault sentinels
  A spectral spriggan (Swamp:2)
  A kobold demonologist (D:14)
  A bloated husk (Swamp:2)
  33 slime creatures
  A spriggan (Swamp:4)
  A centaur simulacrum (D:14)
  A fire elemental (Elf:2)
  A steam dragon (Swamp:4)
  A redback (Spider:4)
  An acid dragon (shapeshifter) (Vaults:4)
  A swamp worm (Swamp:2)
  An orc warrior (D:7)
  A swamp drake (Swamp:4)
  A sky beast (shapeshifter) (Depths:3)
  5 centaurs
  An ogre (Orc:2)
  A kobold brigand (D:9)
  3 bullfrogs
  A wight (D:9)
  5 killer bees (D:7)
  269 jellies
  A hound (D:5)
  An orc priest (Orc:2)
  A human skeleton (Crypt:2)
  2 orc wizards
  3 adders
  A shadow imp (D:5)
  2 white imps
  2 ufetubi (D:5)
  A bat (D:2)
  2 endoplasms
  2 frilled lizards (D:2)
  7 kobolds
  3 briar patches (Swamp:1)
  33 foxfires
  62 fungi
  88 plants
571 creatures vanquished.

Grand Total: 2499 creatures vanquished

Notes
Turn   | Place    | Note
-------+----------+-------------------------------------------
     0 | D:1      | freelancePsychic the Demonspawn Monk began the quest for
                  | the Orb.
     0 | D:1      | Reached XP level 1. HP: 18/18 MP: 1/1
   389 | D:1      | Found a faded altar of an unknown god.
   401 | D:1      | Got Plato's Elucidation of the Congregation
   402 | D:1      | Prayed at the altar of an unknown god.
   402 | D:1      | Became a worshipper of Jiyva Juges the Shapeless
   402 | D:1      | Reached * piety under Jiyva
   402 | D:1      | Reached ** piety under Jiyva
   433 | D:1      | Gained mutation: You may rarely emit foul miasma when
                  | damaged in melee. [demonic ancestry]
   433 | D:1      | Reached XP level 2. HP: 11/24 MP: 2/2
   541 | D:1      | Reached *** piety under Jiyva
   854 | D:2      | Reached XP level 3. HP: 29/29 MP: 3/3
   862 | D:2      | Found a runed translucent door.
   863 | D:2      | Noticed Crazy Yiuf
  1079 | D:3      | Gained mutation: Your melee attacks may engulf your foes in
                  | ooze. [Jiyva's grace]
  1079 | D:3      | Gained mutation: You are partially covered in iridescent
                  | scales. (AC +2) [Jiyva's grace]
  1079 | D:3      | Gained mutation: You are mostly covered in iridescent
                  | scales. (AC +4) [Jiyva's grace]
  1079 | D:3      | Gained mutation: You are completely covered in iridescent
                  | scales. (AC +6) [Jiyva's grace]
  1187 | D:3      | Noticed Jessica
  1196 | D:3      | Killed Jessica
  1197 | D:3      | Discovered your monstrous ancestry.
  1197 | D:3      | Gained mutation: You have a small tail. [demonic ancestry]
  1197 | D:3      | Reached XP level 4. HP: 32/37 MP: 4/4
  1236 | D:3      | Noticed an ice beast
  1239 | D:3      | Killed an ice beast
  1240 | D:3      | Gained mutation: You sometimes gain a little power by
                  | taking damage. [demonic ancestry]
  1240 | D:3      | Reached XP level 5. HP: 42/42 MP: 1/5
  1686 | D:4      | Reached skill level 5 in Maces & Flails
  1813 | D:4      | Reached **** piety under Jiyva
  1829 | D:4      | Gained mutation: You have large cloven feet. [demonic
                  | ancestry]
  1829 | D:4      | Reached XP level 6. HP: 49/49 MP: 6/6
  2227 | D:5      | Entered Level 5 of the Dungeon
  2364 | D:5      | Reached skill level 5 in Fighting
  2618 | D:5      | Identified the +2 scale mail of the Moon {-Cast rN+ Will+}
  2642 | D:5      | Lost mutation: You are completely covered in iridescent
                  | scales. (AC +6) [Jiyva's grace]
  2642 | D:5      | Gained mutation: You have a small jelly attached to you
                  | that senses nearby items. [Jiyva's grace]
  2642 | D:5      | Gained mutation: Your spells are a little harder to cast,
                  | but a little more powerful. [Jiyva's grace]
  2642 | D:5      | Gained mutation: Your spells are harder to cast, but more
                  | powerful. [Jiyva's grace]
  2642 | D:5      | Gained mutation: Your spells are much harder to cast, but
                  | much more powerful. [Jiyva's grace]
  2647 | D:5      | Reached XP level 7. HP: 50/56 MP: 7/7
  2684 | D:5      | Identified the +4 trident of Starshine {heavy, Str+2 Dex+3}
  2770 | D:5      | Reached skill level 1 in Polearms
  2849 | D:5      | Reached ***** piety under Jiyva
  2906 | D:5      | Noticed Menkaure
  2909 | D:5      | Killed Menkaure
  3025 | D:6      | Gained mutation: You sometimes gain power by taking damage.
                  | [demonic ancestry]
  3025 | D:6      | Reached XP level 8. HP: 59/64 MP: 8/8
  3212 | D:6      | Found Raetui's Lightly-Used Armoury.
  3268 | D:6      | Bought a -1 demon whip for 140 gold pieces
  3511 | D:7      | Found a snail-covered altar of Cheibriados.
  3558 | D:7      | Found a staircase to the Ecumenical Temple.
  3605 | D:7      | Noticed Joseph
  3613 | D:7      | Killed Joseph
  3879 | D:8      | Gained mutation: You have a pair of small horns on your
                  | head. [demonic ancestry]
  3879 | D:8      | Reached XP level 9. HP: 63/72 MP: 9/9
  3885 | D:8      | Noticed Maurice
  3903 | D:8      | Killed Maurice
  4010 | D:8      | Found a flagged portal.
  4012 | D:8      | Noticed a gargoyle
  4032 | D:8      | Killed a gargoyle
  4040 | Bailey   | Entered a bailey
  4159 | Bailey   | Lost mutation: You have a small jelly attached to you that
                  | senses nearby items. [Jiyva's grace]
  4159 | Bailey   | Gained mutation: You expend magic power (3 MP) to
                  | strengthen your wands. [Jiyva's grace]
  4159 | Bailey   | Gained mutation: You have a small jelly attached to you
                  | that senses nearby items. [Jiyva's grace]
  4159 | Bailey   | Gained mutation: You have a small jelly attached to you
                  | that may absorb projectiles. [Jiyva's grace]
  4159 | Bailey   | Gained mutation: You passively dampen the noise of your
                  | surroundings. [Jiyva's grace]
  4170 | Bailey   | Reached skill level 10 in Maces & Flails
  4274 | Bailey   | Reached XP level 10. HP: 10/82 MP: 10/10
  4338 | Bailey   | Noticed an orc knight
  4338 | Bailey   | Noticed an orc knight
  4343 | Bailey   | Killed an orc knight
  4347 | Bailey   | Killed an orc knight
  4347 | Bailey   | Was placed under penance by Jiyva
  4371 | Bailey   | Identified the +4 short sword "Embalmer" {freeze, rN+ Str+3
                  | Dex+4}
  4500 | Bailey   | Gained mutation: You are frail. (-10% HP) [the
                  | all-consuming vengeance of Jiyva]
  4500 | Bailey   | Lost mutation: Your spells are much harder to cast, but
                  | much more powerful. [the all-consuming vengeance of Jiyva]
  4500 | Bailey   | Lost mutation: You have a small jelly attached to you that
                  | may absorb projectiles. [the all-consuming vengeance of
                  | Jiyva]
  5083 | D:8      | Reached skill level 1 in Armour
  5314 | D:8      | Gained mutation: You sometimes lose your temper in combat.
                  | [mutagenic glow]
  5333 | D:8      | Gained mutation: You occasionally shout uncontrollably at
                  | your foes. [the all-consuming vengeance of Jiyva]
  5333 | D:8      | Gained mutation: You frequently scream uncontrollably at
                  | your foes. [the all-consuming vengeance of Jiyva]
  5333 | D:8      | Gained mutation: You occasionally lose the ability to read
                  | scrolls when taking damage. [the all-consuming vengeance of
                  | Jiyva]
  5333 | D:8      | Lost mutation: Your melee attacks may engulf your foes in
                  | ooze. [the all-consuming vengeance of Jiyva]
  5415 | D:9      | Lost mutation: You have a small jelly attached to you that
                  | senses nearby items. [the all-consuming vengeance of Jiyva]
  5699 | D:9      | Noticed a two-headed ogre
  5704 | D:9      | Killed a two-headed ogre
  5822 | D:9      | Was forgiven by Jiyva
  5856 | D:9      | Noticed a manticore
  5857 | D:9      | Noticed a two-headed ogre
  5859 | D:9      | Killed a manticore
  5861 | D:9      | Killed a two-headed ogre
  5862 | D:9      | Reached skill level 10 in Fighting
  6291 | D:10     | Entered Level 10 of the Dungeon
  6301 | D:10     | Identified 2 scrolls of acquirement
  6301 | D:10     | Acquired a manual of Fighting
  6303 | D:10     | Acquired 722 gold pieces
  6415 | D:10     | Gained mutation: You have a tail ending in a sharp stinger.
                  | [demonic ancestry]
  6415 | D:10     | Reached XP level 11. HP: 66/81 MP: 11/11
  6439 | D:10     | Noticed an ogre mage
  6451 | D:10     | Killed an ogre mage
  6510 | D:10     | Noticed a catoblepas
  6534 | D:10     | Killed a catoblepas
  6608 | D:10     | Noticed a sixfirhy
  6684 | D:10     | Reached skill level 5 in Armour
  6824 | D:10     | You fall into a shaft and drop 1 floor!
  6862 | D:11     | Reached skill level 5 in Dodging
  6912 | D:11     | Noticed Sonja
  6920 | D:11     | Killed Sonja
  7001 | D:11     | Noticed Snorg
  7006 | D:11     | Slimified Snorg
  7006 | D:11     | Snorg changed into Snorg the acid blob
  7006 | D:11     | Noticed Snorg
  7094 | D:11     | Noticed a boulder beetle
  7104 | D:11     | Killed a boulder beetle
  7233 | D:11     | Found an opulent altar of Gozag.
  7275 | D:11     | Noticed a two-headed ogre
  7282 | D:11     | Killed a two-headed ogre
  7283 | D:11     | Gained mutation: You sometimes emit foul miasma when
                  | damaged in melee. [demonic ancestry]
  7283 | D:11     | Reached XP level 12. HP: 94/94 MP: 12/12
  7617 | D:12     | Noticed a two-headed ogre
  7695 | D:10     | Found a staircase to the Orcish Mines.
  7736 | D:10     | Lost mutation: You are mostly covered in iridescent scales.
                  | (AC +4) [potion of mutation]
  7736 | D:10     | Lost mutation: You are frail. (-10% HP) [potion of
                  | mutation]
  7736 | D:10     | Gained mutation: You have hoof-like feet. [potion of
                  | mutation]
  7736 | D:10     | Lost mutation: You sometimes lose your temper in combat.
                  | [potion of mutation]
  7737 | D:10     | Lost mutation: You passively dampen the noise of your
                  | surroundings. [potion of mutation]
  7737 | D:10     | Lost mutation: You have hoof-like feet. [potion of
                  | mutation]
  7737 | D:10     | Lost mutation: You occasionally lose the ability to read
                  | scrolls when taking damage. [potion of mutation]
  7737 | D:10     | Gained mutation: You are agile. (Dex +4, Str/Int -1)
                  | [potion of mutation]
  7737 | D:10     | Lost mutation: You expend magic power (3 MP) to strengthen
                  | your wands. [potion of mutation]
  7737 | D:10     | Gained mutation: You passively map a small area around you.
                  | [potion of mutation]
  7768 | D:10     | Noticed Maggie
  7774 | D:10     | Killed Maggie
  7970 | D:10     | Found a staircase to the Lair.
  8157 | Lair:1   | Entered Level 1 of the Lair of Beasts
  8498 | Lair:1   | Lost mutation: You are agile. (Dex +4, Str/Int -1) [Jiyva's
                  | grace]
  8498 | Lair:1   | Lost mutation: You frequently scream uncontrollably at your
                  | foes. [Jiyva's grace]
  8498 | Lair:1   | Gained mutation: Your rubbery body absorbs attacks. (AC +1,
                  | EV +1) [Jiyva's grace]
  8498 | Lair:1   | Gained mutation: Your pliable body absorbs attacks. (AC +2,
                  | EV +2) [Jiyva's grace]
  8498 | Lair:1   | Gained mutation: Your gelatinous body deflects attacks. (AC
                  | +3, EV +3) [Jiyva's grace]
  8498 | Lair:1   | Gained mutation: You have a small jelly attached to you
                  | that may absorb projectiles. [Jiyva's grace]
  9278 | Lair:2   | Reached ****** piety under Jiyva
  9635 | Lair:2   | Reached skill level 15 in Fighting
  9954 | Lair:3   | Found a hole to the Spider Nest.
 10072 | Lair:3   | Lost mutation: You passively map a small area around you.
                  | [Jiyva's grace]
 10072 | Lair:3   | Lost mutation: You occasionally shout uncontrollably at
                  | your foes. [Jiyva's grace]
 10072 | Lair:3   | Lost mutation: Your gelatinous body deflects attacks. (AC
                  | +3, EV +3) [Jiyva's grace]
 10072 | Lair:3   | Gained mutation: Your translucent skin slightly reduces
                  | your foes' accuracy. (Stealth+) [Jiyva's grace]
 10072 | Lair:3   | Gained mutation: Your translucent skin reduces your foes'
                  | accuracy. (Stealth+) [Jiyva's grace]
 10072 | Lair:3   | Gained mutation: Your transparent skin significantly
                  | reduces your foes' accuracy. (Stealth+) [Jiyva's grace]
 10072 | Lair:3   | Gained mutation: You are mostly covered in iridescent
                  | scales. (AC +4) [Jiyva's grace]
 10087 | Lair:3   | Found a staircase to the Swamp.
 10239 | Lair:3   | Noticed a four-headed hydra
 10247 | Lair:3   | Killed a four-headed hydra
 10848 | Lair:4   | Reached XP level 13. HP: 116/116 MP: 13/13
 11093 | Lair:4   | Lost mutation: You are mostly covered in iridescent scales.
                  | (AC +4) [Jiyva's grace]
 11093 | Lair:4   | Lost mutation: Your spells are harder to cast, but more
                  | powerful. [Jiyva's grace]
 11093 | Lair:4   | Gained mutation: You expend magic power (3 MP) to
                  | strengthen your wands. [Jiyva's grace]
 11093 | Lair:4   | Gained mutation: You passively dampen the noise of your
                  | surroundings. [Jiyva's grace]
 11093 | Lair:4   | Gained mutation: Armour fits poorly on your pseudopods.
                  | [Jiyva's grace]
 11093 | Lair:4   | Gained mutation: Armour fits poorly on your large
                  | pseudopods. [Jiyva's grace]
 11218 | Lair:4   | Found a staircase to the Slime Pits.
 11231 | Slime:1  | Entered Level 1 of the Pits of Slime
 11231 | Slime:1  | Noticed a quicksilver ooze
 11233 | Slime:1  | Noticed an azure jelly
 11236 | Slime:1  | Noticed a quicksilver ooze
 11239 | Slime:2  | Noticed an acid blob
 11247 | Slime:3  | Noticed an acid blob
 11249 | Slime:4  | Noticed an acid blob
 11254 | Slime:5  | Entered Level 5 of the Pits of Slime
 11254 | Slime:5  | Noticed an azure jelly
 11272 | Slime:5  | Noticed an acid blob
 11290 | Slime:5  | Noticed an azure jelly
 11292 | Slime:5  | Noticed an acid blob
 11293 | Slime:5  | Noticed an acid blob
 11295 | Slime:5  | Found a viscous altar of Jiyva.
 11295 | Slime:5  | Noticed an acid blob
 11296 | Slime:5  | Noticed a rockslime
 11296 | Slime:5  | Noticed the Royal Jelly
 11297 | Slime:5  | Noticed an acid blob
 11297 | Slime:5  | Noticed a rockslime
 11299 | Slime:5  | Noticed a quicksilver ooze
 11299 | Slime:5  | Noticed an acid blob
 11302 | Slime:5  | Got Juozecwo's Secrets of the Barrage and Glamour
 11304 | Slime:5  | Got the Annotations on Interference and Conflict
 11307 | Slime:5  | Noticed a rockslime
 11312 | Slime:5  | Got Zefat's Omnibus of Portals
 11315 | Slime:5  | Identified the +3 executioner's axe "Orb Guardian's Death"
                  | {heavy, Contam Will- Int+2 Dex+4}
 11316 | Slime:5  | Identified the +3 scimitar "Wenleim" {heavy, rElec Int+2
                  | Dex+3}
 11327 | Slime:5  | Got a slimy rune of Zot
 11328 | Slime:5  | Identified the staff of fire "Uhubrut" {rF+ rN+ Will++}
 11338 | Slime:5  | Identified the staff of conjuration "Agyntin" {Str+2 Dex+4}
 11339 | Slime:5  | Identified the staff of air "Yhoku" {rElec rF+ SInv}
 11377 | Slime:5  | Noticed an acid blob
 11449 | Slime:5  | Noticed an acid blob
 11559 | Slime:5  | Noticed a quicksilver ooze
 11617 | Slime:2  | Noticed a rockslime
 11618 | Slime:2  | Noticed an azure jelly
 11923 | Lair:5   | Entered Level 5 of the Lair of Beasts
 12034 | Lair:5   | Noticed Urug
 12049 | Lair:5   | Killed Urug
 12203 | Lair:5   | Noticed a dire elephant
 12314 | Lair:5   | Killed a dire elephant
 12332 | Lair:5   | Identified the +5 dagger of the Six Bones {drain, Fly rF-
                  | rN+++ Str+4}
 12336 | Lair:5   | Got Baxtyppyro's Annotations on Scorching Frostbite
 12389 | Lair:5   | Reached skill level 10 in Armour
 12746 | Lair:5   | Gained mutation: You have a pair of horns on your head.
                  | [demonic ancestry]
 12746 | Lair:5   | Reached XP level 14. HP: 126/126 MP: 14/14
 13611 | D:12     | Identified the +7 flail of the Zealous God {speed, *Rage
                  | rPois rC+++ Str+8}
 13979 | D:13     | Lost mutation: Your transparent skin significantly reduces
                  | your foes' accuracy. (Stealth+) [Jiyva's grace]
 13979 | D:13     | Lost mutation: Your translucent skin reduces your foes'
                  | accuracy. (Stealth+) [Jiyva's grace]
 13979 | D:13     | Lost mutation: Your translucent skin slightly reduces your
                  | foes' accuracy. (Stealth+) [Jiyva's grace]
 13979 | D:13     | Gained mutation: Your skin changes colour to match your
                  | surroundings (Stealth+). [Jiyva's grace]
 13979 | D:13     | Gained mutation: Your skin blends seamlessly with your
                  | surroundings (Stealth++). [Jiyva's grace]
 13979 | D:13     | Gained mutation: Your skin perfectly mimics your
                  | surroundings (Stealth+++). [Jiyva's grace]
 13979 | D:13     | Gained mutation: You are robust. (+10% HP) [Jiyva's grace]
 14756 | D:14     | Lost mutation: You are partially covered in iridescent
                  | scales. (AC +2) [Jiyva's grace]
 14756 | D:14     | Lost mutation: Your pliable body absorbs attacks. (AC +2,
                  | EV +2) [Jiyva's grace]
 14756 | D:14     | Lost mutation: You have a small jelly attached to you that
                  | may absorb projectiles. [Jiyva's grace]
 14756 | D:14     | Gained mutation: Your spells are harder to cast, but more
                  | powerful. [Jiyva's grace]
 14756 | D:14     | Gained mutation: Your spells are much harder to cast, but
                  | much more powerful. [Jiyva's grace]
 14756 | D:14     | Gained mutation: Your melee attacks may engulf your foes in
                  | ooze. [Jiyva's grace]
 14756 | D:14     | Gained mutation: Your body has grown eyes which may confuse
                  | attackers. (Acc +3) [Jiyva's grace]
 15139 | D:14     | Killed an ironbound preserver
 15158 | D:14     | Found a gate to the Vaults.
 15170 | D:14     | Reached skill level 10 in Dodging
 15240 | D:14     | Found a portal to a secret trove of treasure.
 15316 | D:15     | Entered Level 15 of the Dungeon
 15316 | D:15     | Found a gateway to a bazaar.
 15626 | D:15     | Noticed Jorgrun
 15645 | D:15     | Killed Jorgrun
 15751 | D:15     | Noticed an emperor scorpion
 15768 | D:15     | Killed an emperor scorpion
 15769 | D:15     | Gained mutation: You have a sharp stinger which inflicts
                  | weakening toxins. [demonic ancestry]
 15769 | D:15     | Reached XP level 15. HP: 149/149 MP: 15/15
 15845 | D:15     | Found a staircase to the Depths.
 16164 | Orc:1    | Entered Level 1 of the Orcish Mines
 16441 | Orc:2    | Entered Level 2 of the Orcish Mines
 16452 | Orc:2    | Lost mutation: You are robust. (+10% HP) [Jiyva's grace]
 16452 | Orc:2    | Lost mutation: Your spells are much harder to cast, but
                  | much more powerful. [Jiyva's grace]
 16452 | Orc:2    | Lost mutation: Armour fits poorly on your large pseudopods.
                  | [Jiyva's grace]
 16452 | Orc:2    | Lost mutation: You passively dampen the noise of your
                  | surroundings. [Jiyva's grace]
 16452 | Orc:2    | Gained mutation: You are covered in slimy tendrils that may
                  | disarm your opponents. [Jiyva's grace]
 16452 | Orc:2    | Gained mutation: Your pliable body absorbs attacks. (AC +2,
                  | EV +2) [Jiyva's grace]
 16452 | Orc:2    | Gained mutation: Your gelatinous body deflects attacks. (AC
                  | +3, EV +3) [Jiyva's grace]
 16452 | Orc:2    | Gained mutation: Your body has grown many eyes which may
                  | confuse attackers. (Acc +5) [Jiyva's grace]
 16585 | Orc:2    | Found a staircase to the Elven Halls.
 16822 | Orc:2    | Found Yclosiu's Antique Armour Emporium.
 16861 | Orc:2    | Found Nuot's Assorted Antiques.
 16917 | Orc:2    | Found Tasimp's Antique Weapon Shop.
 16926 | Orc:2    | Found Ewaosetz's General Store.
 17370 | Bazaar   | Entered a bazaar
 17372 | Bazaar   | Found Pubboob's Antique Armour Emporium.
 17400 | Bazaar   | Found Parongucs's General Store.
 17402 | Bazaar   | Found Usorchoo's Jewellery Shop.
 17408 | Bazaar   | Found Muhirofe's Distillery.
 17414 | Bazaar   | Found Miyn's General Store.
 17424 | Bazaar   | Bought a book of Sloth for 648 gold pieces
 17424 | Bazaar   | Bought a scroll of teleportation for 54 gold pieces
 17424 | Bazaar   | Bought a potion of might for 72 gold pieces
 17439 | Bazaar   | Bought a scroll of teleportation for 36 gold pieces
 17439 | Bazaar   | Bought a potion of flight for 36 gold pieces
 17449 | Bazaar   | Bought a potion of haste for 160 gold pieces
 17449 | Bazaar   | Bought a potion of heal wounds for 80 gold pieces
 17449 | Bazaar   | Bought a potion of heal wounds for 80 gold pieces
 17616 | Orc:2    | Bought 2 potions of heal wounds for 170 gold pieces
 17616 | Orc:2    | Bought a scroll of blinking for 127 gold pieces
 17623 | Orc:2    | Learned a level 6 spell: Statue Form
 17819 | Spider:1 | Entered Level 1 of the Spider Nest
 17846 | Spider:1 | Reached skill level 1 in Transmutations
 17846 | Spider:1 | Reached skill level 1 in Earth Magic
 18042 | Spider:1 | You fall into a shaft and drop 1 floor!
 18592 | Spider:2 | Lost mutation: Your skin perfectly mimics your surroundings
                  | (Stealth+++). [Jiyva's grace]
 18592 | Spider:2 | Lost mutation: Your gelatinous body deflects attacks. (AC
                  | +3, EV +3) [Jiyva's grace]
 18592 | Spider:2 | Lost mutation: Armour fits poorly on your pseudopods.
                  | [Jiyva's grace]
 18592 | Spider:2 | Gained mutation: You have a somewhat thin skeletal
                  | structure. (Dex +2, Stealth+) [Jiyva's grace]
 18592 | Spider:2 | Gained mutation: You have a moderately thin skeletal
                  | structure. (Dex +4, Stealth++) [Jiyva's grace]
 18592 | Spider:2 | Gained mutation: You have an unnaturally thin skeletal
                  | structure. (Dex +6, Stealth+++) [Jiyva's grace]
 18592 | Spider:2 | Gained mutation: You have acidic saliva. [Jiyva's grace]
 18691 | Spider:2 | Reached skill level 1 in Spellcasting
 18726 | Spider:2 | Reached skill level 5 in Transmutations
 18726 | Spider:2 | Reached skill level 5 in Earth Magic
 18866 | Spider:2 | Noticed Nikola
 19066 | Spider:2 | Gained mutation: You frequently emit foul miasma when
                  | damaged in melee. [demonic ancestry]
 19066 | Spider:2 | Reached XP level 16. HP: 141/145 MP: 19/19
 19086 | Spider:2 | Killed Nikola
 19223 | Spider:2 | Found a hide-covered altar of Uskayaw.
 19480 | Spider:3 | Noticed Bai Suzhen
 19614 | Spider:3 | Killed Bai Suzhen
 20026 | Spider:4 | Entered Level 4 of the Spider Nest
 20130 | Swamp:1  | Entered Level 1 of the Swamp
 20317 | Swamp:1  | Noticed a thorn hunter
 20330 | Swamp:1  | Killed a thorn hunter
 20639 | Swamp:1  | Lost mutation: You have an unnaturally thin skeletal
                  | structure. (Dex +6, Stealth+++) [Jiyva's grace]
 20639 | Swamp:1  | Lost mutation: You are covered in slimy tendrils that may
                  | disarm your opponents. [Jiyva's grace]
 20639 | Swamp:1  | Lost mutation: You expend magic power (3 MP) to strengthen
                  | your wands. [Jiyva's grace]
 20639 | Swamp:1  | Gained mutation: You have a pair of large horns on your
                  | head. [Jiyva's grace]
 20639 | Swamp:1  | Gained mutation: You have a small jelly attached to you
                  | that senses nearby items. [Jiyva's grace]
 20639 | Swamp:1  | Gained mutation: You are partially covered in iridescent
                  | scales. (AC +2) [Jiyva's grace]
 20639 | Swamp:1  | Gained mutation: You are mostly covered in iridescent
                  | scales. (AC +4) [Jiyva's grace]
 21262 | Orc:2    | Bought a scroll of enchant weapon for 270 gold pieces
 21486 | Swamp:2  | Reached skill level 5 in Spellcasting
 21705 | Swamp:2  | Gained mutation: You have hoof-like feet. [demonic
                  | ancestry]
 21705 | Swamp:2  | Reached XP level 17. HP: 121/151 MP: 25/25
 23023 | Swamp:4  | Entered Level 4 of the Swamp
 23023 | Swamp:4  | Noticed a tentacled monstrosity
 23045 | Swamp:4  | Killed a tentacled monstrosity
 23046 | Swamp:4  | Reached skill level 10 in Transmutations
 23086 | Swamp:4  | Reached skill level 10 in Earth Magic
 23671 | Swamp:4  | Got a decaying rune of Zot
 23852 | Spider:4 | Lost mutation: You have a moderately thin skeletal
                  | structure. (Dex +4, Stealth++) [Jiyva's grace]
 23852 | Spider:4 | Lost mutation: Your spells are harder to cast, but more
                  | powerful. [Jiyva's grace]
 23852 | Spider:4 | Lost mutation: Your spells are a little harder to cast, but
                  | a little more powerful. [Jiyva's grace]
 23852 | Spider:4 | Lost mutation: Your pliable body absorbs attacks. (AC +2,
                  | EV +2) [Jiyva's grace]
 23852 | Spider:4 | Lost mutation: You have a small jelly attached to you that
                  | senses nearby items. [Jiyva's grace]
 23852 | Spider:4 | Gained mutation: You expend magic power (3 MP) to
                  | strengthen your wands. [Jiyva's grace]
 23852 | Spider:4 | Gained mutation: Your spells are a little harder to cast,
                  | but a little more powerful. [Jiyva's grace]
 23852 | Spider:4 | Gained mutation: Your spells are harder to cast, but more
                  | powerful. [Jiyva's grace]
 23852 | Spider:4 | Gained mutation: Your spells are much harder to cast, but
                  | much more powerful. [Jiyva's grace]
 24423 | Spider:4 | Reached XP level 18. HP: 158/158 MP: 1/27
 24459 | Spider:4 | Got a gossamer rune of Zot
 24724 | Elf:1    | Entered Level 1 of the Elven Halls
 24729 | Elf:1    | Paralysed by an air elemental for 1 turns
 24741 | Elf:1    | Paralysed by an air elemental for 1 turns
 24825 | Elf:1    | Found Luase's Assorted Antiques.
 25079 | Elf:1    | Found Viczyz's Armour Shop.
 25820 | Elf:2    | Lost mutation: You are mostly covered in iridescent scales.
                  | (AC +4) [Jiyva's grace]
 25820 | Elf:2    | Gained mutation: You are covered in slimy tendrils that may
                  | disarm your opponents. [Jiyva's grace]
 25820 | Elf:2    | Gained mutation: You have hooves in place of feet. [Jiyva's
                  | grace]
 25820 | Elf:2    | Lost mutation: Your skin blends seamlessly with your
                  | surroundings (Stealth++). [Jiyva's grace]
 25820 | Elf:2    | Lost mutation: Your skin changes colour to match your
                  | surroundings (Stealth+). [Jiyva's grace]
 25820 | Elf:2    | Gained mutation: Your translucent skin slightly reduces
                  | your foes' accuracy. (Stealth+) [Jiyva's grace]
 25820 | Elf:2    | Gained mutation: Your translucent skin reduces your foes'
                  | accuracy. (Stealth+) [Jiyva's grace]
 26092 | Elf:2    | Found a huge runed translucent gate.
 26092 | Elf:2    | Found a huge runed translucent gate.
 26092 | Elf:2    | Found a huge runed translucent gate.
 26092 | Elf:2    | Found a huge runed translucent gate.
 26094 | Elf:2    | Found a huge runed translucent gate.
 26268 | Elf:2    | Found Kuck's Book Boutique.
 26484 | Elf:3    | Entered Level 3 of the Elven Halls
 26499 | Elf:3    | Found Bizapakh's Magic Scroll Shoppe.
 26505 | Elf:3    | Found Sihoall's Armour Shoppe.
 26511 | Elf:3    | Paralysed by an air elemental for 1 turns
 26579 | Elf:3    | Found a flickering gateway to a bazaar.
 26590 | Bazaar   | Entered a bazaar
 26617 | Bazaar   | Found Puyfuj's Antique Weapon Shoppe.
 26617 | Bazaar   | Found Cuwi Cis's Weapon Emporium.
 26639 | Bazaar   | Found Ideim's Antique Armour Shoppe.
 26728 | Elf:3    | Found Wown's Assorted Antiques.
 26733 | Elf:3    | Bought a scorched ivory ring for 130 gold pieces
 26733 | Elf:3    | Identified the ring of Jegoa {Drain rElec rF+ rC+ Int+6}
                  | (You bought it in a shop on level 3 of the Elven Halls)
 27073 | Elf:3    | Identified the +12 halberd of Ureatucw {speed, Fragile
                  | Int+4}
 27155 | Abyss:3  | Cast into level 3 of the Abyss (a deep elf sorcerer)
 27160 | Abyss:3  | Noticed a hellephant
 27312 | Elf:3    | Escaped the Abyss
 27319 | Elf:3    | Reached skill level 1 in Shields
 27371 | Elf:3    | Identified the +4 pair of gloves "Caifer" {rF+ rN+ Str-4
                  | Stlth+}
 27402 | Elf:3    | Got Bomaweak's Folio of Changing Poison
 27433 | Elf:3    | Identified the +0 robe "Ryih" {+Inv}
 27637 | Elf:3    | Lost mutation: Your spells are much harder to cast, but
                  | much more powerful. [Jiyva's grace]
 27637 | Elf:3    | Lost mutation: Your spells are harder to cast, but more
                  | powerful. [Jiyva's grace]
 27637 | Elf:3    | Lost mutation: Your body has grown many eyes which may
                  | confuse attackers. (Acc +5) [Jiyva's grace]
 27637 | Elf:3    | Lost mutation: Your translucent skin reduces your foes'
                  | accuracy. (Stealth+) [Jiyva's grace]
 27637 | Elf:3    | Lost mutation: You are covered in slimy tendrils that may
                  | disarm your opponents. [Jiyva's grace]
 27637 | Elf:3    | Lost mutation: Your melee attacks may engulf your foes in
                  | ooze. [Jiyva's grace]
 27637 | Elf:3    | Gained mutation: You are strong-willed. (Will+) [Jiyva's
                  | grace]
 27637 | Elf:3    | Gained mutation: You are highly strong-willed. (Will++)
                  | [Jiyva's grace]
 27637 | Elf:3    | Gained mutation: You are extremely strong-willed. (Will+++)
                  | [Jiyva's grace]
 27637 | Elf:3    | Gained mutation: Your spells are harder to cast, but more
                  | powerful. [Jiyva's grace]
 27866 | Vaults:1 | Entered Level 1 of the Vaults
 27872 | Vaults:1 | Reached XP level 19. HP: 147/165 MP: 25/28
 28352 | Vaults:1 | Reached skill level 5 in Shields
 28592 | Vaults:1 | Found Ygereon's Distillery.
 29156 | Elf:3    | Bought a scroll of acquirement for 520 gold pieces
 29156 | Elf:3    | Acquired 1018 gold pieces
 29158 | Elf:3    | Bought a scroll of enchant armour for 75 gold pieces
 29158 | Elf:3    | Bought a scroll of enchant weapon for 75 gold pieces
 29158 | Elf:3    | Bought a scroll of enchant armour for 75 gold pieces
 29399 | Vaults:1 | Bought a potion of haste for 180 gold pieces
 29399 | Vaults:1 | Bought a potion of heal wounds for 90 gold pieces
 29399 | Vaults:1 | Bought a potion of cancellation for 144 gold pieces
 29399 | Vaults:1 | Bought a potion of cancellation for 144 gold pieces
 29415 | Vaults:2 | Noticed Xtahua
 29425 | Vaults:2 | Killed Xtahua
 29551 | Vaults:2 | Lost mutation: You are extremely strong-willed. (Will+++)
                  | [Jiyva's grace]
 29551 | Vaults:2 | Lost mutation: You are highly strong-willed. (Will++)
                  | [Jiyva's grace]
 29551 | Vaults:2 | Lost mutation: You have acidic saliva. [Jiyva's grace]
 29551 | Vaults:2 | Lost mutation: Your body has grown eyes which may confuse
                  | attackers. (Acc +3) [Jiyva's grace]
 29551 | Vaults:2 | Gained mutation: You have supernaturally acute eyesight.
                  | (SInv) [Jiyva's grace]
 29551 | Vaults:2 | Gained mutation: Your movements are slightly less
                  | encumbered by armour. (ER -2) [Jiyva's grace]
 29551 | Vaults:2 | Gained mutation: Your movements are less encumbered by
                  | armour. (ER -4) [Jiyva's grace]
 29551 | Vaults:2 | Gained mutation: Your movements are significantly less
                  | encumbered by armour. (ER -6) [Jiyva's grace]
 30256 | Vaults:2 | Found a staircase to the Crypt.
 30393 | Vaults:2 | Found Vick's Weapon Shop.
 30635 | Vaults:3 | Mutation became permanent: You have hoof-like feet.
                  | [demonic ancestry]
 30635 | Vaults:3 | Gained mutation: You have hooves in place of feet. [demonic
                  | ancestry]
 30635 | Vaults:3 | Reached XP level 20. HP: 172/172 MP: 32/32
 30659 | Vaults:3 | Noticed Mara
 30662 | Vaults:3 | Noticed freelancePsychic's illusion
 30672 | Vaults:3 | Killed Mara
 30870 | Vaults:3 | Lost mutation: You have a somewhat thin skeletal structure.
                  | (Dex +2, Stealth+) [Jiyva's grace]
 30870 | Vaults:3 | Lost mutation: Your spells are harder to cast, but more
                  | powerful. [Jiyva's grace]
 30870 | Vaults:3 | Lost mutation: Your spells are a little harder to cast, but
                  | a little more powerful. [Jiyva's grace]
 30870 | Vaults:3 | Lost mutation: Your movements are significantly less
                  | encumbered by armour. (ER -6) [Jiyva's grace]
 30870 | Vaults:3 | Gained mutation: You are agile. (Dex +4, Str/Int -1)
                  | [Jiyva's grace]
 30870 | Vaults:3 | Gained mutation: You are very agile. (Dex +8, Str/Int -2)
                  | [Jiyva's grace]
 30870 | Vaults:3 | Gained mutation: You have a small jelly attached to you
                  | that may absorb projectiles. [Jiyva's grace]
 30870 | Vaults:3 | Gained mutation: Your translucent skin reduces your foes'
                  | accuracy. (Stealth+) [Jiyva's grace]
 31096 | Vaults:3 | Reached skill level 10 in Shields
 31818 | Vaults:4 | Found Nata's Weapon Shoppe.
 32150 | Vaults:4 | Noticed Mennas
 32254 | Crypt:1  | Entered Level 1 of the Crypt
 32278 | Crypt:1  | Lost mutation: You have a pair of large horns on your head.
                  | [Jiyva's grace]
 32278 | Crypt:1  | Lost mutation: You expend magic power (3 MP) to strengthen
                  | your wands. [Jiyva's grace]
 32278 | Crypt:1  | Gained mutation: You are mostly covered in iridescent
                  | scales. (AC +4) [Jiyva's grace]
 32278 | Crypt:1  | Gained mutation: You are completely covered in iridescent
                  | scales. (AC +6) [Jiyva's grace]
 32278 | Crypt:1  | Gained mutation: Your melee attacks may engulf your foes in
                  | ooze. [Jiyva's grace]
 32278 | Crypt:1  | Gained mutation: You passively map a small area around you.
                  | [Jiyva's grace]
 32289 | Crypt:1  | Found a runed translucent gate.
 32290 | Crypt:1  | Found a runed translucent gate.
 32291 | Crypt:1  | Found a runed translucent gate.
 32648 | Crypt:1  | Noticed Aizul
 32659 | Crypt:1  | Killed Aizul
 33303 | Crypt:2  | Reached XP level 21. HP: 177/177 MP: 34/34
 33407 | Crypt:2  | Identified the +5 trident of the Penguin {flame, rN+ rCorr}
 33883 | Crypt:2  | Noticed an ancient lich
 33888 | Crypt:2  | Killed an ancient lich
 33970 | Crypt:3  | Entered Level 3 of the Crypt
 34110 | Crypt:3  | Lost mutation: You are completely covered in iridescent
                  | scales. (AC +6) [Jiyva's grace]
 34110 | Crypt:3  | Lost mutation: Your translucent skin reduces your foes'
                  | accuracy. (Stealth+) [Jiyva's grace]
 34110 | Crypt:3  | Lost mutation: You have a small jelly attached to you that
                  | may absorb projectiles. [Jiyva's grace]
 34110 | Crypt:3  | Lost mutation: Your movements are less encumbered by
                  | armour. (ER -4) [Jiyva's grace]
 34110 | Crypt:3  | Lost mutation: Your melee attacks may engulf your foes in
                  | ooze. [Jiyva's grace]
 34110 | Crypt:3  | Gained mutation: You are covered in slimy tendrils that may
                  | disarm your opponents. [Jiyva's grace]
 34110 | Crypt:3  | Gained mutation: Your muscles are strong. (Str +4, Int/Dex
                  | -1) [Jiyva's grace]
 34110 | Crypt:3  | Gained mutation: Your muscles are very strong. (Str +8,
                  | Int/Dex -2) [Jiyva's grace]
 34110 | Crypt:3  | Gained mutation: Armour fits poorly on your pseudopods.
                  | [Jiyva's grace]
 34399 | Crypt:3  | Paralysed by a vampire knight for 2 turns
 34456 | Crypt:3  | Reached skill level 15 in Dodging
 34504 | Crypt:3  | Found a basalt altar of Yredelemnul.
 34509 | Crypt:3  | Identified the +0 leather armour "Xuock" {rElec}
 34526 | Crypt:3  | Found an ancient bone altar of Kikubaaqudgha.
 34539 | Crypt:3  | Identified the +5 war axe "Yduraby" {protect, Will+}
 34541 | Crypt:3  | Got the Volume of Frostbite and Corpses
 34562 | Crypt:3  | Identified the +4 battleaxe of Impermanence {pain, *Rage
                  | rPois MP+9 Dex+3}
 34986 | Crypt:3  | Found a staircase to the Tomb.
 35261 | Depths:1 | Entered Level 1 of the Depths
 35342 | Depths:1 | Found a gateway to Hell.
 35411 | Depths:1 | Found The Oracle's Delphic Readings.
 35516 | Depths:1 | Lost mutation: You have supernaturally acute eyesight.
                  | (SInv) [Jiyva's grace]
 35516 | Depths:1 | Lost mutation: You are strong-willed. (Will+) [Jiyva's
                  | grace]
 35516 | Depths:1 | Lost mutation: Your muscles are very strong. (Str +8,
                  | Int/Dex -2) [Jiyva's grace]
 35516 | Depths:1 | Lost mutation: Your rubbery body absorbs attacks. (AC +1,
                  | EV +1) [Jiyva's grace]
 35516 | Depths:1 | Lost mutation: Your movements are slightly less encumbered
                  | by armour. (ER -2) [Jiyva's grace]
 35516 | Depths:1 | Gained mutation: You possess an exceptional clarity of
                  | mind. [Jiyva's grace]
 35516 | Depths:1 | Gained mutation: Your melee attacks may engulf your foes in
                  | ooze. [Jiyva's grace]
 35516 | Depths:1 | Gained mutation: Your body has grown eyes which may confuse
                  | attackers. (Acc +3) [Jiyva's grace]
 35516 | Depths:1 | Gained mutation: Your body has grown many eyes which may
                  | confuse attackers. (Acc +5) [Jiyva's grace]
 35966 | Depths:2 | Noticed Louise
 35980 | Depths:2 | Killed Louise
 35985 | Depths:2 | Found a one-way gate to the infinite horrors of the Abyss.
 36046 | Depths:2 | Found a magical portal.
 36060 | WizLab   | Entered Maxwell's Workshop
 36118 | WizLab   | Reached XP level 22. HP: 190/190 MP: 35/35
 36138 | WizLab   | Identified the ring "Doojeane" {Fire Str+3}
 36219 | WizLab   | Reached skill level 15 in Shields
 36334 | WizLab   | Identified the +3 leather armour of Ovoas {+Inv rC+ Int-3}
 36373 | WizLab   | Identified the ring "Funu" {Ice rN+ Str+6 Dex-4}
 36383 | WizLab   | Identified the +3 ring mail of Yesterday {rF+ Regen+}
 36828 | Depths:2 | Found a one-way gateway to a ziggurat.
 36959 | Depths:2 | Found a one-way gate leading to the halls of Pandemonium.
 37581 | Depths:3 | Lost mutation: You are mostly covered in iridescent scales.
                  | (AC +4) [Jiyva's grace]
 37581 | Depths:3 | Lost mutation: You are partially covered in iridescent
                  | scales. (AC +2) [Jiyva's grace]
 37581 | Depths:3 | Lost mutation: You are very agile. (Dex +8, Str/Int -2)
                  | [Jiyva's grace]
 37581 | Depths:3 | Lost mutation: You possess an exceptional clarity of mind.
                  | [Jiyva's grace]
 37581 | Depths:3 | Lost mutation: Your translucent skin slightly reduces your
                  | foes' accuracy. (Stealth+) [Jiyva's grace]
 37581 | Depths:3 | Lost mutation: Your melee attacks may engulf your foes in
                  | ooze. [Jiyva's grace]
 37581 | Depths:3 | Gained mutation: You have a small jelly attached to you
                  | that may absorb projectiles. [Jiyva's grace]
 37581 | Depths:3 | Gained mutation: You are very agile. (Dex +8, Str/Int -2)
                  | [Jiyva's grace]
 37581 | Depths:3 | Gained mutation: You are partially covered in iridescent
                  | scales. (AC +2) [Jiyva's grace]
 37581 | Depths:3 | Gained mutation: You are mostly covered in iridescent
                  | scales. (AC +4) [Jiyva's grace]
 37618 | Depths:3 | Reached skill level 1 in Evocations
 37640 | Depths:3 | Noticed a caustic shrike
 38123 | Depths:3 | Reached skill level 5 in Evocations
 38136 | Depths:3 | Killed a caustic shrike
 38224 | Depths:3 | Got the Lessons on Trauma and Location
 38256 | Depths:3 | Identified the +7 sling "Grum" {speed, Str+2 Stlth+}
 38291 | Depths:3 | Identified the +5 pair of gloves of Darkness {rC+ Int+3
                  | Slay-2}
 38475 | Depths:4 | Entered Level 4 of the Depths
 38479 | Depths:4 | Noticed a caustic shrike
 38545 | Depths:4 | Gained mutation: You are robust. (+10% HP) [demonic
                  | ancestry]
 38545 | Depths:4 | Reached XP level 23. HP: 215/215 MP: 36/36
 38696 | Depths:4 | Noticed a caustic shrike
 38696 | Depths:4 | Noticed a caustic shrike
 38703 | Depths:4 | Killed a caustic shrike
 38705 | Depths:4 | Noticed a caustic shrike
 38705 | Depths:4 | Noticed a caustic shrike
 38708 | Depths:4 | Killed a caustic shrike
 38713 | Depths:4 | Slimified a caustic shrike
 38713 | Depths:4 | a caustic shrike changed into an acid blob
 38715 | Depths:4 | Killed a caustic shrike
 38715 | Depths:4 | Killed a caustic shrike
 38719 | Depths:4 | Found Fiud Ucwa's Antique Armour Boutique.
 38730 | Depths:4 | Found Polaceg's Jewellery Boutique.
 38943 | Depths:4 | Found a gate to the Realm of Zot.
 38952 | Depths:4 | Found Nooc's General Store.
 38955 | Depths:4 | Found Quocwa's Book Shop.
 38960 | Depths:4 | Found Zoer's Armour Shop.
 38972 | Depths:4 | Bought a scroll of blinking for 112 gold pieces
 38972 | Depths:4 | Bought a potion of haste for 150 gold pieces
 38972 | Depths:4 | Bought a potion of might for 60 gold pieces
 38975 | Depths:4 | Noticed a caustic shrike
 38976 | Depths:4 | Noticed a caustic shrike
 38976 | Depths:4 | Noticed a caustic shrike
 38979 | Depths:4 | Noticed a caustic shrike
 38982 | Depths:4 | Killed a caustic shrike
 38983 | Depths:4 | Killed a caustic shrike
 38985 | Depths:4 | Noticed a caustic shrike
 38986 | Depths:4 | Killed a caustic shrike
 38989 | Depths:4 | Killed a caustic shrike
 38991 | Depths:4 | Killed a caustic shrike
 39018 | Depths:4 | Identified the +6 dagger of Yveazeuj {flame, rC+ rCorr
                  | Str+5 Dex-3}
 39570 | Elf:3    | Bought a potion of haste for 260 gold pieces
 39570 | Elf:3    | Bought a scroll of summoning for 247 gold pieces
 39850 | Zot:1    | Entered Level 1 of the Realm of Zot
 39850 | Zot:1    | Found the +4 dragonskin cloak
 39850 | Zot:1    | Noticed Tiamat
 39869 | Zot:1    | Slimified Tiamat
 39869 | Zot:1    | Tiamat changed into Tiamat the acid blob
 39869 | Zot:1    | Noticed Tiamat
 39871 | Zot:1    | Killed Tiamat the acid blob
 40060 | Zot:1    | Identified the staff of cold "Ynait" {Fly rC+ rCorr}
 40060 | Zot:1    | Identified the ring of the Queen {Ice rN+ Will+ Slay+3
                  | Stlth-}
 40060 | Zot:1    | Noticed Josephina
 40073 | Zot:1    | Killed Josephina
 40092 | Zot:1    | Lost mutation: You are very agile. (Dex +8, Str/Int -2)
                  | [Jiyva's grace]
 40092 | Zot:1    | Lost mutation: You passively map a small area around you.
                  | [Jiyva's grace]
 40092 | Zot:1    | Lost mutation: Your body has grown many eyes which may
                  | confuse attackers. (Acc +5) [Jiyva's grace]
 40092 | Zot:1    | Gained mutation: You have a small jelly attached to you
                  | that senses nearby items. [Jiyva's grace]
 40092 | Zot:1    | Gained mutation: You have supernaturally acute eyesight.
                  | (SInv) [Jiyva's grace]
 40092 | Zot:1    | Gained mutation: Your mind is acute. (Int +4, Str/Dex -1)
                  | [Jiyva's grace]
 40092 | Zot:1    | Gained mutation: Your mind is very acute. (Int +8, Str/Dex
                  | -2) [Jiyva's grace]
 40370 | Zot:1    | Identified the +3 ring mail of Izor {-Tele rF++ Will+
                  | Dex+3}
 40483 | Zot:1    | Identified the +6 great sword of the Several Lives {freeze,
                  | rF+ Str+2}
 41314 | Zot:3    | Noticed an ancient lich
 41321 | Zot:2    | Killed an ancient lich
 41354 | Zot:2    | Gained mutation: You have a pair of large horns on your
                  | head. [demonic ancestry]
 41354 | Zot:2    | Reached XP level 24. HP: 225/225 MP: 36/36
 41504 | Zot:3    | Found a transporter.
 41511 | Zot:3    | Found a transporter.
 41662 | Zot:3    | Found a transporter.
 41672 | Zot:3    | Found a transporter.
 41676 | Zot:3    | Lost mutation: Your muscles are strong. (Str +4, Int/Dex
                  | -1) [Jiyva's grace]
 41676 | Zot:3    | Lost mutation: Armour fits poorly on your pseudopods.
                  | [Jiyva's grace]
 41676 | Zot:3    | Gained mutation: Armour fits poorly on your pseudopods.
                  | [Jiyva's grace]
 41676 | Zot:3    | Gained mutation: Armour fits poorly on your large
                  | pseudopods. [Jiyva's grace]
 41676 | Zot:3    | Gained mutation: Armour fits poorly on your massive
                  | pseudopods. [Jiyva's grace]
 41676 | Zot:3    | Gained mutation: You are resistant to electric shocks.
                  | (rElec) [Jiyva's grace]
 41734 | Zot:3    | Found a transporter.
 41735 | Zot:3    | Found a transporter.
 42445 | Zot:4    | Reached skill level 10 in Evocations
 42558 | Zot:4    | Noticed Parghit
 42563 | Zot:4    | Slimified Parghit
 42563 | Zot:4    | Parghit changed into Parghit the azure jelly
 42563 | Zot:4    | Noticed Parghit
 42583 | Zot:4    | Noticed Vv
 42586 | Zot:4    | Killed Parghit the azure jelly
 42619 | Zot:4    | Killed Vv
 43012 | Zot:5    | Entered Level 5 of the Realm of Zot
 43456 | Zot:5    | Noticed an orb of fire
 43457 | Zot:5    | Lost mutation: Armour fits poorly on your massive
                  | pseudopods. [an orb of fire]
 43463 | Zot:5    | Killed an orb of fire
 43464 | Zot:5    | Noticed an orb of fire
 43466 | Zot:5    | Reached skill level 15 in Transmutations
 43469 | Zot:5    | Noticed an orb of fire
 43470 | Zot:5    | Gained mutation: You have hidden genetic defects. [an orb
                  | of fire]
 43471 | Zot:5    | Killed an orb of fire
 43472 | Zot:5    | Reached skill level 15 in Earth Magic
 43472 | Zot:5    | Noticed an orb of fire
 43473 | Zot:5    | Noticed a Killer Klown
 43478 | Zot:5    | Killed an orb of fire
 43480 | Zot:5    | Noticed a Killer Klown
 43482 | Zot:5    | Noticed a Killer Klown
 43484 | Zot:5    | Gained mutation: Your magical capacity is low. (-10% MP)
                  | [an orb of fire]
 43488 | Zot:5    | Killed an orb of fire
 43494 | Zot:5    | Killed a Killer Klown
 43498 | Zot:5    | Killed a Killer Klown
 43519 | Zot:5    | Noticed a Killer Klown
 43534 | Zot:5    | Noticed an ancient lich
 43534 | Zot:5    | Noticed a Killer Klown
 43538 | Zot:5    | Killed a Killer Klown
 43550 | Zot:5    | Killed an ancient lich
 43556 | Zot:5    | Gained mutation: Your magical capacity is very low. (-20%
                  | MP) [hidden defects]
 43558 | Zot:5    | Gained mutation: You are very robust. (+20% HP) [demonic
                  | ancestry]
 43558 | Zot:5    | Reached XP level 25. HP: 254/254 MP: 28/28
 43567 | Zot:5    | Killed a Killer Klown
 43568 | Zot:5    | Killed a Killer Klown
 43894 | Zot:5    | Gained mutation: You occasionally shout uncontrollably at
                  | your foes. [hidden defects]
 43894 | Zot:5    | Lost mutation: You have hidden genetic defects. [hidden
                  | defects expressed]
 44381 | Zot:5    | Got the Orb of Zot
 44461 | Zot:3    | Noticed Yleysiwy the pandemonium lord
 44461 | Zot:3    | Noticed an ancient lich
 44475 | Zot:3    | Killed Yleysiwy the pandemonium lord
 44480 | Zot:3    | Killed an ancient lich
 44908 | D:2      | Gained mutation: You are vulnerable to cold. (rC-) [a
                  | cacodemon]
 44909 | D:2      | Gained mutation: You are very vulnerable to cold. (rC--) [a
                  | cacodemon]
 44987 | D:$      | Escaped with the Orb!

Illustrated notes

Levels and vault maps discovered:
D:1:      nzn_arrival_depleted_hourglass, layout_basic,
          shapermc_ecumenical_altar_rom_forum
D:2:      layout_rooms, uniq_crazy_yiuf_cottage
D:3:      layout_rooms, minmay_distorted, uniq_jessica
D:4:      layout_basic
D:5:      layout_basic, serial_park_tiny_pond, due_unseen_surprise,
          uniq_menkaure
D:6:      layout_rooms, minmay_shop_damaged
D:7:      layout_gridville, mainiacjoe_overflow_alcove_2,
          minmay_temple_entry_sparse_star, uniq_joseph
D:8:      layout_basic, enter_bailey_6, minmay_fractal_squares_diagonal_5,
          uniq_maurice
D:9:      layout_basic, centaur_isle
D:10:     cheibrodos_fzero, layout_basic, hellmonk_lair_entry_icy,
          hangedman_decor_opposing, uniq_maggie
D:11:     layout_basic, nicolae_gozag_cash_rules_everything_around_me,
          uniq_sonja, uniq_snorg
D:12:     layout_basic
D:13:     layout_stronghold
D:14:     layout_rooms, skrybe_vaults_entry_preservation, enter_trove_5,
          minmay_holes, hangedman_decor_slide_cut
D:15:     hangedman_depths_entry_try_elsewhere_first, layout_rooms, serial_ice,
          serial_ice_g, serial_ice_h, serial_ice_k, serial_ice_d, serial_ice_n,
          serial_shops, statue_bzr, grunt_decor_fettered,
          eino_small_chamber_without_monster, uniq_jorgrun
Lair:1:   layout_concentric_octagons
Lair:2:   layout_gridlike, minmay_stone_trees_small
Lair:3:   lemuel_reptile_caves, layout_regular_city, swamp_mist_pool,
          spider_nest_entry_funnel_web, serial_bayou_shore_a
Lair:4:   layout_loops_ring, slime_entry_1
Lair:5:   grunt_lair_end_beastmaster, layout_regular_city,
          minmay_lair_oklob_bushes, uniq_urug
Swamp:1:  layout_basic_swamp, serial_swamp_ruin, evilmike_swamp_ruin_house_2,
          evilmike_swamp_ruin_house_5, evilmike_swamp_ruin_house_4
Swamp:2:  nicolae_swamp_flooded_prison, layout_basic_swamp,
          nicolae_swamp_trees_clearing, swamp_pool4,
          nicolae_swamp_stuck_in_the_mud
Swamp:3:  layout_basic_swamp, hangedman_swamp_ruin_wall,
          infiniplex_staircase_pool
Swamp:4:  swamp_fiery, layout_basic_swamp, swamp_pool1
Spider:1: layout_spider_delve, hangedman_spider_tarantella_strand
Spider:2: layout_spider_delve, nicolae_spider_altar_of_dancing, uniq_nikola
Spider:3: layout_spider_delve, uniq_bai_suzhen
Spider:4: spider_rune_water
Slime:1:  layout_caves
Slime:2:  layout_caves
Slime:3:  layout_caves
Slime:4:  layout_caves
Slime:5
Orc:1:    layout_caves
Orc:2:    st_orc_elflike, layout_diamond_mine
Elf:1:    nicolae_elf_arrival_aired_out, layout_loops_corners, serial_shops,
          shop, nicolae_shop_crystal, minivault_28,
          nicolae_concentric_dashed_squares_mild, nrook_mini_backslash,
          billiards_dpeg
Elf:2:    elven_hall_of_blades_hangedman_alternative
          [nicolae_blade_entry_floor_patterns], layout_loops_corners,
          serial_shops, shop, grunt_ministairs_2
Elf:3:    minmay_elf_hall_statues, layout_loops_cross, serial_shops,
          bzr_entry_water, nicolae_shop_hallway_plus, shop,
          nicolae_shop_statue_plus
Vaults:1: ontoclasm_vaults_gallery, hangedman_vaults_variations,
          vaults_dpeg_cross, vaults_mumra_chevron, v_pattern_3,
          hangedman_vaults_pinch, nicolae_vaults_shelves_hall,
          vaults_room_stairs_pillars, vaults_standard_mumra_x,
          ontoclasm_vaults_tryst, hangedman_vaults_nails, layout_vaults_ring,
          serial_shops, shop_fountains
Vaults:2: nicolae_vaults_big_angled_halls, nicolae_vaults_theta,
          blue_anna_dwarven_crypt, nicolae_vaults_border_crossing,
          vaults_dpeg_hooks, layout_vaults_omnigrid, serial_shops,
          shop_fountains, uniq_xtahua
Vaults:3: nicolae_vaults_arrows, ontoclasm_vaults_eye, v_misc_18, v_misc_28,
          grunt_vaults_hallway_long, ontoclasm_vaults_shuriken,
          hangedman_vaults_stream, vaults_mumra_hexcomb, v_misc_22, v_misc_14,
          nicolae_vaults_little_squares_4, layout_vaults_omnibox, uniq_mara
Vaults:4: v_pattern_5, vaults_room_fours, v_misc_24, hangedman_vaults_cutoff,
          hangedman_vaults_stretched_pinwheel, ontoclasm_vaults_idyll,
          hangedman_vaults_capsules, ontoclasm_vaults_gateway,
          ontoclasm_vaults_decontamination, v_alt_pattern_6,
          nicolae_vaults_rhombus_6, layout_vaults_chaotic_city, serial_shops,
          shop, nicolae_shop_temple_entry_statues_fountains, uniq_mennas,
          uniq_margery, uniq_donald
Crypt:1:  layout_catacombs, pandoras_box_mu, grunt_crypt_arrival_split,
          roderic_lattice_octagonal_star, uniq_aizul
Crypt:2:  layout_misc_corridors
Crypt:3:  lightli_unholy_cathedral, layout_chaotic_city,
          tomb_entry_sphere_bobbens, minivault_14, minmay_misc_feat_columns,
          grunt_ministairs_15
Depths:1: layout_gridlike, chequers_serial_rivers_small_3,
          pf_vacation_house_of_asmodeus, hex_large, nicolae_nh_oracle_at_delphi
Depths:2: grunt_deathspiral_large, layout_cave_pools, enter_ziggurat_a,
          hell_entry, mu_enter_wizlab_1, rand_demon_pan_entry_5,
          minmay_misc_feat_room, nicolae_abyss_entry_one_way_or_another
Depths:3: minmay_tearing_corner, layout_gridville, abyss_entry,
          corexii_corridor_pit, hell_entry, minmay_misc_feat_square,
          minivault_11, st_stairs_1, minmay_staircase_windowed_small
Depths:4: evilmike_zot_entry_diamond, layout_cave_pools,
          minmay_misc_feat_ornament, serial_shops, nicolae_shop_behind_doors,
          lightli_too_deep, abyss_entry, minmay_shoptagon
Zot:1:    layout_gridlike, uniq_josephina, uniq_tiamat
Zot:2:    layout_misc_corridors, grunt_megastairs_3
Zot:3:    ebering_greatest_show_in_zot, layout_cathedral_of_symmetry,
          serial_nicolae_subway, nicolae_sub_station_stone,
          nicolae_sub_station_crystal, nicolae_sub_station_metal,
          lemuel_elevator
Zot:4:    layout_misc_corridors, uniq_parghit, uniq_vv
Zot:5:    layout_misc_corridors

Skill      XL: |  1  2  3  4  5  6  7  8  9 10 11 12 13 14 15 16 17 18 19 20 21 22 23 24 25 |
---------------+----------------------------------------------------------------------------+-----
Maces & Flails | 3 4 5 6 8 10 11 12 | 12.0
Fighting       | 4 5 6 7 8 10 13 15 16 18 19 20 | 20.9
Polearms       | 4 |  4.5
Armour         | 3 6 8 10 12 13 | 13.0
Dodging        | 5 8 9 10 11 12 14 15 17 20 | 20.8
Transmutations | 5 9 12 14 15 16 | 16.0
Earth Magic    | 5 9 11 13 14 15 16 | 16.0
Spellcasting   | 2 5 6 8 9 |  9.0
Shields        | 1 8 12 14 16 | 16.0
Evocations     | 5 8 12 | 12.0
Stealth        | |  1.7

Action                     |  1- 3 |  4- 6 |  7- 9 | 10-12 | 13-15 | 16-18 | 19-21 | 22-24 | 25-27 || total
---------------------------+-------+-------+-------+-------+-------+-------+-------+-------+-------++-------
  Melee: Mace              |    29 |       |       |       |       |       |       |       |       ||    29
         Whip              |    45 |   102 |       |       |       |       |       |       |       ||   147
         Tailslap          |       |    19 |    23 |    64 |   165 |   168 |   236 |   273 |    31 ||   979
         Kick              |       |    23 |    36 |   124 |   380 |   427 |   605 |   574 |    75 ||  2244
         Trident           |       |       |    35 |       |       |       |       |       |       ||    35
         Demon whip        |       |       |    87 |   358 |   794 |   948 |  1238 |  1103 |   154 ||  4682
         Headbutt          |       |       |    11 |    78 |   233 |   253 |   390 |   371 |    59 ||  1395
         Pseudopods        |       |       |       |       |   171 |       |    73 |   373 |    53 ||   670
         Flail             |       |       |       |       |    34 |    23 |       |       |       ||    57
         Bite              |       |       |       |       |    14 |   133 |    30 |       |       ||   177
         Unarmed           |       |       |       |       |       |     6 |       |       |       ||     6
         Punch             |       |       |       |       |       |       |     3 |       |       ||     3
  Throw: Dart              |       |       |       |     3 |     4 |       |       |       |     1 ||     8
   Cast: Statue Form       |       |       |       |       |       |    25 |    52 |    55 |     8 ||   140
 Invoke: Oozemancy         |       |     1 |     3 |     2 |     3 |     3 |     1 |     3 |       ||    16
         Slimify           |       |       |       |     1 |       |       |       |     4 |       ||     5
Ability: End Transformatio |       |       |       |       |       |     1 |     2 |     1 |     3 ||     7
  Evoke: Wand              |       |       |       |     5 |     1 |     2 |     1 |     1 |       ||    10
         Condenser vane    |       |       |       |       |       |       |       |     8 |     1 ||     9
         Tin of tremorston |       |       |       |       |       |       |       |     6 |       ||     6
    Use: Scroll            |     2 |     1 |     9 |    17 |     2 |     9 |     7 |     8 |       ||    55
         Potion            |       |       |     1 |     5 |     1 |    16 |       |     8 |     5 ||    36
   Stab: Sleeping          |     1 |     1 |       |       |     4 |     5 |     7 |     5 |       ||    23
         Petrified         |       |       |       |     2 |     8 |       |       |       |       ||    10
         Paralysed         |       |       |       |     2 |       |       |       |       |       ||     2
         Confused          |       |       |       |       |    11 |    23 |     3 |    21 |       ||    58
         Distracted        |       |       |       |       |       |     1 |     2 |     1 |       ||     4
 Armour: Robe              |    20 |     9 |       |       |       |       |       |       |       ||    29
         Leather armour    |       |    27 |    41 |     1 |       |       |       |       |       ||    69
         Chain mail        |       |       |       |   163 |   260 |       |       |       |       ||   423
         Steam dragon scal |       |       |       |       |    55 |   171 |    87 |    52 |     3 ||   368
         Skin              |       |       |       |       |       |   252 |   511 |   264 |    19 ||  1046
  Dodge: Dodged            |    57 |    43 |    95 |   171 |   747 |  1161 |  1512 |  1612 |   170 ||  5568
  Block: Kite shield       |       |       |       |       |       |       |  1182 |  1324 |   142 ||  2648
         Reflection        |       |       |       |       |       |       |    48 |    17 |       ||    65

Table legend: (Time is in decaauts)
 A = Elapsed time spent in this place.
 B = Non-inter-level travel time spent in this place.
 C = Inter-level travel time spent in this place.
 D = Time resting spent in this place.
 E = Time spent auto-exploring this place.
 F = Levels seen in this place.
 G = Mean time per level.
                   A        B        C        D        E       F      G
               +--------+--------+--------+--------+--------+-----+--------+
         Total |  47776 |  42020 |   5756 |    916 |  29946 |  60 |  796.3 |
       Dungeon |  12204 |   9976 |   2228 |    534 |   7372 |  15 |  813.6 |
          Lair |   5129 |   4467 |    662 |      0 |   3771 |   5 | 1025.8 |
         Swamp |   3245 |   2964 |    281 |     87 |   2017 |   4 |  811.2 |
   Spider Nest |   3108 |   2802 |    306 |     54 |   1695 |   4 |  777.0 |
    Slime Pits |    398 |    322 |     76 |      0 |    232 |   5 |   79.6 |
  Orcish Mines |   1392 |    999 |    393 |      0 |    693 |   2 |  696.0 |
   Elven Halls |   3357 |   2940 |    417 |      0 |   2284 |   3 | 1119.0 |
        Vaults |   4735 |   4319 |    416 |     15 |   3164 |   4 | 1183.8 |
         Crypt |   3187 |   3019 |    168 |     25 |   1986 |   3 | 1062.3 |
        Depths |   4371 |   3815 |    556 |    100 |   2594 |   4 | 1092.8 |
           Zot |   5255 |   5006 |    249 |     48 |   3436 |   5 | 1051.0 |
         Abyss |    202 |    202 |      0 |      0 |     25 |   2 |  101.0 |
        Bazaar |    174 |    174 |      0 |      0 |    119 |   2 |   87.0 |
        Bailey |    478 |    478 |      0 |     52 |    272 |   1 |  478.0 |
        Wizlab |    538 |    538 |      0 |      0 |    281 |   1 |  538.0 |
               +--------+--------+--------+--------+--------+-----+--------+

Top non-repeatable levels by time:
   Zot:5: 1597 daAuts
Vaults:3: 1540 daAuts
Vaults:1: 1447 daAuts
Depths:2: 1371 daAuts
    D:10: 1327 daAuts
Vaults:2: 1297 daAuts
 Crypt:3: 1287 daAuts
   Elf:1: 1273 daAuts
  Lair:5: 1245 daAuts
 Swamp:2: 1190 daAuts
Depths:3: 1185 daAuts
   Elf:3: 1183 daAuts
    D:11: 1158 daAuts
   Zot:3: 1149 daAuts
  Lair:3: 1108 daAuts
